AoeStats
← INOX

Arena

510596941Analyzed
4v4 RM · 1d ago on Oct 1, 2026· 41m 10s· 8 players
Game mode
Random Map
Map size
Large (8 player)
Population
200
Speed
Normal
Resources
Standard
Victory
Conquest
Starting age
Dark Age
Ending age
Imperial Age
RankedLock teamsTeams togetherTeam positionsShared explorationLock speedFull tech treeHidden civsTurbo modeCheats
Victory
Defeat
🇫🇷 Lithuanians · France
956
+11
🇩🇪 Britons · Germany
871
+15
🇹🇷 Chinese · Türkiye
833
+16
🇫🇷 Tupi · France
830
+17
🇩🇪 Persians · Germany
920
-17
🇹🇷 Turks · Türkiye
824
-14
816
-14
🇫🇷 Celts · France
815
-34
Fred
11:10 Feudal Age
17:19 Castle Age
25:05 Ballistics
25:16 Fletching
30:09 Imperial Age
31:31 Wheelbarrow
31:05 Bodkin Arrow
32:12 Chemistry
32:56 Horse Collar
34:37 Hand Cart
35:08 Bracer
35:10 Padded Archer Armor
36:38 Double-Bit Axe
36:52 Gold Mining
38:23 Yeomen
38:24 Conscription
38:41 Elite Longbowman
40:11 Bow Saw
40:04 Heavy Plow
40:49 Gold Shaft Mining
40:53 Pikeman
41:33 Squires
skevke
12:28 Feudal Age
13:02 Loom
16:49 Castle Age
16:23 Double-Bit Axe
16:19 Horse Collar
16:32 Gold Mining
18:43 Bow Saw
18:34 Heavy Plow
21:20 Wheelbarrow
21:30 Padded Archer Armor
21:49 Town Watch
23:14 Caravan
25:28 Hand Cart
26:45 Town Patrol
28:30 Stone Mining
29:16 Gold Shaft Mining
33:30 Imperial Age
31:19 Fletching
31:45 Leather Archer Armor
32:04 Bodkin Arrow
35:52 Chemistry
35:13 Ballistics
36:21 Conscription
36:11 Curare
35:28 Elite Blackwood Archer
37:46 Two-Man Saw
37:18 Caciques
37:35 Murder Holes
godi5937
3:54 Loom
10:57 Feudal Age
17:38 Castle Age
16:05 Double-Bit Axe
16:04 Horse Collar
16:19 Gold Mining
16:20 Stone Mining
19:48 Bow Saw
28:14 Heavy Plow
31:29 Husbandry
31:40 Bloodlines
35:05 Imperial Age
32:22 Town Watch
33:13 Wheelbarrow
36:19 Crop Rotation
36:58 Two-Man Saw
36:37 Stone Shaft Mining
37:14 Sanctity
36:59 Devotion
37:30 Illumination
37:25 Block Printing
37:57 Theocracy
38:04 Theocracy
37:27 Herbal Medicine
Merginator44
0:39 Loom
16:46 Feudal Age
17:10 Horse Collar
17:18 Double-Bit Axe
17:27 Gold Mining
17:30 Stone Mining
22:50 Castle Age
22:00 Fletching
22:12 Padded Archer Armor
24:54 Wheelbarrow
24:05 Town Watch
26:04 Gold Shaft Mining
25:50 Bodkin Arrow
27:04 Stone Shaft Mining
28:01 Hand Cart
27:46 Town Patrol
31:00 Leather Archer Armor
31:00 Heavy Plow
31:24 Murder Holes
32:47 Ballistics
32:43 Masonry
33:00 Forging
32:51 Scale Mail Armor
34:29 Iron Casting
37:22 Imperial Age
35:42 Chain Mail Armor
37:14 Bow Saw
37:54 Heavy Scorpion
39:04 Conscription
39:54 Elite Fire Lancer
41:26 Plate Mail Armor
PROtektorKaiser
0:41 Loom
10:49 Feudal Age
11:18 Double-Bit Axe
11:19 Horse Collar
13:50 Wheelbarrow
17:02 Gold Mining
19:47 Castle Age
18:06 Fletching
18:28 Forging
18:28 Stone Mining
20:41 Bow Saw
21:13 Heavy Plow
22:32 Stone Shaft Mining
22:39 Gold Shaft Mining
27:36 Bodkin Arrow
30:55 Imperial Age
31:31 Scale Barding Armor
35:05 Chain Barding Armor
37:33 Crop Rotation
40:40 Iron Casting
Thorin escudo de Roble
9:23 Feudal Age
15:08 Castle Age
13:23 Double-Bit Axe
14:04 Stone Mining
16:13 Wheelbarrow
20:32 Horse Collar
22:08 Gold Mining
23:26 Hand Cart
24:18 Heavy Plow
parla
12:13 Feudal Age
17:22 Castle Age
17:12 Loom
17:23 Double-Bit Axe
17:34 Stone Mining
17:39 Gold Mining
19:52 Wheelbarrow
INOX
1:57 Loom
11:59 Feudal Age
13:34 Wheelbarrow
12:45 Town Watch
13:59 Wheelbarrow
14:28 Horse Collar
14:37 Double-Bit Axe
19:35 Castle Age
17:43 Gold Mining
18:57 Fletching
19:08 Padded Archer Armor
19:03 Town Watch
19:20 Stone Mining
20:39 Hand Cart
21:25 Heavy Plow
Connection lost

Rejoining the realm…

Still unreachable

The connection could not be restored.

Session expired

The server has moved on; the page needs a fresh start.